Predators vs Jets

Created - Wednesday, October 15, 2014 at 21:40

Goals
1 2 3 T
Predators 1 1 0 2
Jets 0 3 1 4
Shots
1 2 3 T
Predators 7 8 21 36
Jets 3 11 10 24

1st period

1. Predators , Trevor Daley 2 (Corey Perry, Valtteri Filppula) at 6:45 (PP)

Penalties :
Kyle Turris (Wpg) for High sticking (Double Minor) at 5:10, Wayne Simmonds (Wpg) for Hooking (Minor) at 11:14

2nd period

2. Jets , Max Pacioretty 3 (Kris Russell, John Tavares) at 1:03
3. Predators , Patrice Bergeron 2 (Corey Perry, Andy Greene) at 1:13
4. Jets , David Perron 2 (John Tavares, Raphael Diaz) at 5:13
5. Jets , Max Pacioretty 4 (Ryan Getzlaf) at 10:06 (PP)

Penalties :
Matt Tennyson (Wpg) for Tripping (Minor) at 7:46, Tomas Plekanec (Nsh) for Holding Stick (Minor) at 10:05, Evander Kane (Nsh) for Holding (Minor) at 16:09

3rd period

6. Jets , Ryan Getzlaf 1 (Marcus Kruger) at 19:32 (Empty Net)

Penalties :
Alex Ovechkin (Wpg) for Hooking (Minor) at 13:19, John Tavares (Wpg) for Holding (Minor) at 16:31

Goalie Stats

Kari Lehtonen (Nsh), 20 saves from 23 shots - (0.870), L, 2-1-0, 59:22 minutes
Sergei Bobrovsky (Wpg), 34 saves from 36 shots - (0.944), W, 3-1-0, 60:00 minutes

Players Stats for Predators

Player Name              G  A  P  +/- PIM S  H  SB GA TA FO     MP     PP MP  PK MP  
------------------------------------------------------------------------------------
Andy Greene              0  1  1   0  0   2  3  1  0  2  0/0    24:54   7:04   0:25 
Antoine Vermette         0  0  0   0  0   1  2  1  1  1  7/13   21:34   5:48   1:36 
Ben Smith                0  0  0   0  0   0  0  0  0  0  0/0     6:54   0:00   0:00 
Brian Lashoff            0  0  0  -1  0   2  1  1  0  1  0/0    13:02   0:00   0:00 
Cody Eakin               0  0  0  -1  0   5  2  0  1  1  1/1    15:37   0:00   1:25 
Corey Perry              0  2  2  -1  0   6  0  0  6  0  0/1    18:31   5:48   0:00 
Damien Brunner           0  0  0   0  0   0  0  0  1  0  0/0    18:50   5:42   0:00 
Ed Jovanovski            0  0  0  -1  0   0  2  1  0  1  0/0    18:25   4:26   0:00 
Eric Fehr                0  0  0  -1  0   0  2  0  0  1  2/2    15:19   0:00   0:35 
Evander Kane             0  0  0  -1  2   0  4  0  2  0  0/0    17:52   5:42   0:00 
Nick Schultz             0  0  0   0  0   0  2  0  1  1  0/0    14:55   0:00   0:25 
Patrice Bergeron         1  0  1  -1  0   6  0  1  3  0  13/23  22:51   5:42   0:00 
Patrick Maroon           0  0  0   0  0   2  2  0  0  0  0/1     6:54   0:00   0:00 
Roman Josi               0  0  0  -1  0   6  0  1  1  2  0/0    24:19   7:04   1:35 
Tomas Plekanec           0  0  0  -1  2   1  0  0  5  1  9/15   14:35   0:00   0:24 
Trevor Daley             1  0  1  -1  0   2  1  1  0  1  0/0    22:04   4:26   1:35 
Valtteri Filppula        0  1  1   0  0   3  2  0  2  0  1/3    19:01   5:48   0:00 
Victor Bartley           0  0  0   0  0   0  0  0  0  0  0/0     2:21   0:00   0:00 

Players Stats for Jets

Player Name              G  A  P  +/- PIM S  H  SB GA TA FO     MP     PP MP  PK MP  
------------------------------------------------------------------------------------
Alex Killorn             0  0  0   0  0   4  1  1  2  0  0/0     9:42   0:00   0:00 
Alex Ovechkin            0  0  0   0  2   2  2  0  2  0  1/1    16:33   1:06   0:00 
Danny DeKeyser           0  0  0   1  0   0  1  0  0  4  0/0    24:30   1:00   7:26 
David Perron             1  0  1   1  0   2  1  1  0  0  0/1    13:46   0:54   0:00 
Erik Johnson             0  0  0   1  0   1  2  1  0  0  0/0    18:22   1:00   0:00 
Frans Nielsen            0  0  0   1  0   2  1  0  2  1  5/15   18:25   0:00   7:56 
John Tavares             0  2  2   1  2   0  2  1  4  0  3/11   14:15   0:54   0:00 
Kris Russell             0  1  1   1  0   1  2  4  0  1  0/0    20:56   1:00   4:04 
Kyle Turris              0  0  0   0  4   2  2  1  0  0  3/6     9:48   0:00   2:07 
Marcus Kruger            0  1  1   1  0   0  1  1  0  2  0/1    18:25   0:00   7:56 
Matt Tennyson            0  0  0   0  2   0  1  0  0  0  0/0    12:17   0:00   0:00 
Max Pacioretty           2  0  2   1  0   5  4  2  3  0  1/1    18:04   1:06   3:34 
Nick Bjugstad            0  0  0   0  0   0  0  0  0  0  0/0     7:00   0:00   0:00 
Oliver Ekman-Larsson     0  0  0   1  0   1  3  3  0  5  0/0    26:50   1:00   7:26 
Raphael Diaz             0  1  1   0  0   0  0  3  1  1  0/0    17:08   0:00   4:04 
Ryan Getzlaf             1  1  2   1  0   3  2  0  5  1  11/21  17:05   1:06   0:00 
Teemu Selanne            0  0  0   0  0   0  0  0  0  0  0/0     8:38   0:00   1:27 
Wayne Simmonds           0  0  0   0  2   1  1  1  3  1  2/2    16:41   0:54   0:00 

3 Stars

1 - Max Pacioretty (Wpg)
2 - Ryan Getzlaf (Wpg)
3 - David Perron (Wpg)

Power Play

Predators - 1 on 6 Attempt(s) - 16.67%
Jets - 1 on 2 Attempt(s) - 50.00%

Penalty Kill

Predators - 1 on 2 Attempt(s) - 50.00% - Score 0 goal in Penalty Kill
Jets - 5 on 6 Attempt(s) - 83.33% - Score 0 goal in Penalty Kill

Official

Referees : Unknown
Linesman : Unknown

Game Notes

Ryan Getzlaf has scored in a empty net!

Finance

Level 1 -- Attendance: 6000 (100.00%) -- Ticket Income $522,000
Level 2 -- Attendance: 4118 (82.36%) -- Ticket Income $242,962
Level 3 -- Attendance: 1437 (71.85%) -- Ticket Income $50,295
Level 4 -- Attendance: 3659 (91.48%) -- Ticket Income $73,180
Luxury Box -- Attendance: 921 (92.10%) -- Ticket Income $154,728
Game was played at the MTS Center
Total Attendance: 16135 (89.64%)
Total Ticket Income: $1,043,165
Other Income: $511,151
Total Income: $1,554,316

Predators

5 vs 5 Forward 
   Center                   Left Wing                Right Wing               Time % Phy DF OF 
 1 Patrice Bergeron         Evander Kane             Corey Perry              29     0   2  3  
 2 Tomas Plekanec           Cody Eakin               Eric Fehr                29     1   3  1  
 3 Antoine Vermette         Valtteri Filppula        Damien Brunner           29     1   1  3  
 4 Patrice Bergeron         Patrick Maroon           Ben Smith                13     1   2  2  

5 vs 5 Defense 
   Defense                  Defense                                           Time % Phy DF OF 
 1 Roman Josi               Trevor Daley                                      33     1   2  2  
 2 Nick Schultz             Andy Greene                                       33     1   2  2  
 3 Brian Lashoff            Ed Jovanovski                                     24     1   3  1  
 4 Victor Bartley           Andy Greene                                       10     1   3  1  

PowerPlay Forward 
   Center                   Left Wing                Right Wing               Time % Phy DF OF 
 1 Antoine Vermette         Valtteri Filppula        Corey Perry              60     0   0  5  
 2 Patrice Bergeron         Evander Kane             Damien Brunner           40     1   1  3  

PowerPlay Defense
   Defense                  Defense                                           Time % Phy DF OF 
 1 Roman Josi               Andy Greene                                       65     0   1  4  
 2 Ed Jovanovski            Trevor Daley                                      35     1   1  3  

Penalty Kill 4 Players Forward 
   Center                   Wing                     Time % Phy DF OF 
 1 Antoine Vermette         Evander Kane             50     1   3  1  
 2 Tomas Plekanec           Cody Eakin               50     1   4  0  

Penalty Kill 4 Players Defense
   Defense                  Defense                  Time % Phy DF OF 
 1 Roman Josi               Trevor Daley             50     1   4  0  
 2 Nick Schultz             Andy Greene              50     1   4  0  

Penalty Kill - 3 Players Forward 
   Forward                                           Time % Phy DF OF 
 1 Tomas Plekanec                                    50     0   5  0  
 2 Antoine Vermette                                  50     0   5  0  

Penalty Kill - 3 Players Defense
   Defense                  Defense                  Time % Phy DF OF 
 1 Roman Josi               Nick Schultz             50     1   4  0  
 2 Brian Lashoff            Andy Greene              50     1   4  0  

4 vs 4 Forward 
   Center                   Wing                     Time % Phy DF OF 
 1 Patrice Bergeron         Corey Perry              50     0   2  3  
 2 Antoine Vermette         Evander Kane             50     2   1  2  

4 vs 4 Defense
   Defense                  Defense                  Time % Phy DF OF 
 1 Roman Josi               Trevor Daley             55     1   2  2  
 2 Nick Schultz             Andy Greene              45     1   2  2  

Last Minutes Offensive
   Center                   Left Wing                Right Wing               Defense                  Defense                  
   Patrice Bergeron         Valtteri Filppula        Corey Perry              Roman Josi               Andy Greene              

Last Minutes Defensive
   Center                   Left Wing                Right Wing               Defense                  Defense                  
   Tomas Plekanec           Evander Kane             Corey Perry              Roman Josi               Andy Greene              

Goaltenders
Starting : Kari Lehtonen            
Backup : Anders Lindback          

Extra Forwards
Normal : Patrice Bergeron, Corey Perry, Tomas Plekanec - PP : Tomas Plekanec, Cody Eakin - PK : Antoine Vermette
Extra Defensemen
Normal : Roman Josi, Andy Greene, Trevor Daley - PP : Trevor Daley - PK : Roman Josi, Brian Lashoff
Penalty Shots
Patrice Bergeron, Eric Fehr, Corey Perry, Valtteri Filppula, Antoine Vermette

Jets

5 vs 5 Forward 
   Center                   Left Wing                Right Wing               Time % Phy DF OF 
 1 Ryan Getzlaf             Alex Ovechkin            Wayne Simmonds           37     1   1  3  
 2 John Tavares             Max Pacioretty           David Perron             31     1   2  2  
 3 Frans Nielsen            Alex Killorn             Marcus Kruger            20     1   2  2  
 4 Kyle Turris              Nick Bjugstad            Teemu Selanne            12     1   2  2  

5 vs 5 Defense 
   Defense                  Defense                                           Time % Phy DF OF 
 1 Oliver Ekman-Larsson     Danny DeKeyser                                    35     1   2  2  
 2 Kris Russell             Erik Johnson                                      32     1   3  1  
 3 Raphael Diaz             Matt Tennyson                                     23     1   3  1  
 4 Oliver Ekman-Larsson     Erik Johnson                                      10     1   2  2  

PowerPlay Forward 
   Center                   Left Wing                Right Wing               Time % Phy DF OF 
 1 Ryan Getzlaf             Max Pacioretty           Alex Ovechkin            60     0   1  4  
 2 John Tavares             David Perron             Wayne Simmonds           40     0   2  3  

PowerPlay Defense
   Defense                  Defense                                           Time % Phy DF OF 
 1 Erik Johnson             Kris Russell                                      60     1   2  2  
 2 Oliver Ekman-Larsson     Danny DeKeyser                                    40     0   2  3  

Penalty Kill 4 Players Forward 
   Center                   Wing                     Time % Phy DF OF 
 1 Frans Nielsen            Marcus Kruger            60     1   2  2  
 2 Kyle Turris              Max Pacioretty           40     1   3  1  

Penalty Kill 4 Players Defense
   Defense                  Defense                  Time % Phy DF OF 
 1 Oliver Ekman-Larsson     Danny DeKeyser           60     1   3  1  
 2 Raphael Diaz             Kris Russell             40     1   3  1  

Penalty Kill - 3 Players Forward 
   Forward                                           Time % Phy DF OF 
 1 Frans Nielsen                                     60     1   2  2  
 2 Ryan Getzlaf                                      40     1   2  2  

Penalty Kill - 3 Players Defense
   Defense                  Defense                  Time % Phy DF OF 
 1 Oliver Ekman-Larsson     Erik Johnson             60     1   2  2  
 2 Raphael Diaz             Kris Russell             40     1   2  2  

4 vs 4 Forward 
   Center                   Wing                     Time % Phy DF OF 
 1 Ryan Getzlaf             Alex Ovechkin            60     1   2  2  
 2 Frans Nielsen            Max Pacioretty           40     1   2  2  

4 vs 4 Defense
   Defense                  Defense                  Time % Phy DF OF 
 1 Oliver Ekman-Larsson     Erik Johnson             60     1   2  2  
 2 Kris Russell             Danny DeKeyser           40     1   2  2  

Last Minutes Offensive
   Center                   Left Wing                Right Wing               Defense                  Defense                  
   Ryan Getzlaf             Alex Ovechkin            Wayne Simmonds           Oliver Ekman-Larsson     Kris Russell             

Last Minutes Defensive
   Center                   Left Wing                Right Wing               Defense                  Defense                  
   Ryan Getzlaf             Frans Nielsen            Marcus Kruger            Oliver Ekman-Larsson     Danny DeKeyser           

Goaltenders
Starting : Sergei Bobrovsky         
Backup : Tim Thomas               

Extra Forwards
Normal : John Tavares, Kyle Turris, Teemu Selanne - PP : John Tavares, Kyle Turris - PK : Teemu Selanne
Extra Defensemen
Normal : Raphael Diaz, Oliver Ekman-Larsson, Kris Russell - PP : Raphael Diaz - PK : Oliver Ekman-Larsson, Kris Russell
Penalty Shots
Ryan Getzlaf, Alex Ovechkin, Frans Nielsen, Max Pacioretty, John Tavares

% Time on Ice - Predators

Lines # - Real PCT - Wanted PCT - Time Play
Normal Forward
1 - 26% - 29% - 12:16
2 - 31% - 29% - 14:35
3 - 27% - 29% - 12:45
4 - 15% - 13% - 6:54
Normal Defense
1 - 34% - 33% - 15:40
2 - 33% - 33% - 15:27
3 - 28% - 24% - 13:02
4 - 5% - 10% - 2:21
PP Forward
1 - 50% - 60% - 5:48
2 - 50% - 40% - 5:42
PP Defense
1 - 61% - 65% - 7:04
2 - 39% - 35% - 4:26
PK Forward
1 - 79% - 50% - 1:35
2 - 21% - 50% - 0:25
PK Defense
1 - 79% - 50% - 1:35
2 - 21% - 50% - 0:25
PK3 Forward
1 - 0% - 50%
2 - 0% - 50%
PK3 Defense
1 - 0% - 50%
2 - 0% - 50%
44 Forward
1 - 0% - 50%
2 - 0% - 50%
44 Defense
1 - 0% - 55%
2 - 0% - 45%
Last Minute Offensive  - 0:00
Last Minute Defensive  - 0:00
Total
Forward - 60:00
Defense - 60:00

% Time on Ice - Jets

Lines # - Real PCT - Wanted PCT - Time Play
Normal Forward
1 - 34% - 37% - 15:42
2 - 30% - 31% - 13:34
3 - 21% - 20% - 9:42
4 - 15% - 12% - 7:00
Normal Defense
1 - 34% - 35% - 15:50
2 - 34% - 32% - 15:34
3 - 27% - 23% - 12:14
4 - 5% - 10% - 2:20
PP Forward
1 - 55% - 60% - 1:06
2 - 45% - 40% - 0:54
PP Defense
1 - 50% - 60% - 1:00
2 - 50% - 40% - 1:00
PK Forward
1 - 69% - 60% - 7:56
2 - 31% - 40% - 3:34
PK Defense
1 - 65% - 60% - 7:26
2 - 35% - 40% - 4:04
PK3 Forward
1 - 0% - 60%
2 - 0% - 40%
PK3 Defense
1 - 0% - 60%
2 - 0% - 40%
44 Forward
1 - 0% - 60%
2 - 0% - 40%
44 Defense
1 - 0% - 60%
2 - 0% - 40%
Last Minute Offensive  - 0:00
Last Minute Defensive  - 0:32
Total
Forward - 60:00
Defense - 60:00

Play by Play

1st period


0:01 of 1st period - Wayne Simmonds wins face-off versus Patrice Bergeron in neutral zone.
0:14 of 1st period - Snap shot by Ryan Getzlaf.
0:14 of 1st period - Shot Blocked by Trevor Daley.
0:28 of 1st period - Wrist shot by Corey Perry.
0:28 of 1st period - Stopped by Sergei Bobrovsky with a rebound.
0:30 of 1st period - Backhand shot by Trevor Daley.
0:30 of 1st period - Shot Blocked by Oliver Ekman-Larsson.
1:17 of 1st period - Max Pacioretty is hit by Cody Eakin and loses puck.
2:00 of 1st period - Snap shot by Frans Nielsen.
2:00 of 1st period - Deflect By Marcus Kruger.
2:00 of 1st period - Shot Misses the Net.
2:00 of 1st period - Puck is out of play.
2:01 of 1st period - Patrice Bergeron wins face-off versus Kyle Turris in Predators zone.
2:24 of 1st period - Slapshot by Patrice Bergeron.
2:24 of 1st period - Shot Blocked by Kyle Turris.
2:26 of 1st period - Slapshot by Ed Jovanovski.
2:26 of 1st period - Shot Hit the Post.
2:28 of 1st period - Snap shot by Ben Smith.
2:28 of 1st period - Shot Misses the Net.
2:30 of 1st period - Snap shot by Patrice Bergeron.
2:30 of 1st period - Stopped by Sergei Bobrovsky with a rebound.
2:56 of 1st period - Erik Johnson is hit by Ed Jovanovski and loses puck.
4:27 of 1st period - Snap shot by Alex Killorn.
4:27 of 1st period - Deflect By Frans Nielsen.
4:27 of 1st period - Shot Blocked by Patrice Bergeron.
4:27 of 1st period - Puck is out of play.
4:28 of 1st period - Tomas Plekanec wins face-off versus Frans Nielsen in Predators zone.
4:45 of 1st period - Snap shot by Frans Nielsen.
4:45 of 1st period - Shot Misses the Net.
5:10 of 1st period - Double Minor Penalty to Kyle Turris for High sticking.
5:11 of 1st period - Frans Nielsen wins face-off versus Valtteri Filppula in Jets zone.
5:11 of 1st period - Frans Nielsen is hit by Valtteri Filppula.
5:28 of 1st period - Snap shot by Corey Perry.
5:28 of 1st period - Shot Misses the Net.
5:30 of 1st period - Snap shot by Roman Josi.
5:30 of 1st period - Stopped by Sergei Bobrovsky without a rebound.
5:31 of 1st period - Antoine Vermette wins face-off versus Frans Nielsen in Jets zone.
5:36 of 1st period - Snap shot by Corey Perry.
5:36 of 1st period - Shot Misses the Net.
5:38 of 1st period - Wrist shot by Andy Greene.
5:38 of 1st period - Stopped by Sergei Bobrovsky with a rebound.
5:40 of 1st period - Slapshot by Roman Josi.
5:40 of 1st period - Stopped by Sergei Bobrovsky without a rebound.
5:41 of 1st period - Patrice Bergeron wins face-off versus Frans Nielsen in Jets zone.
5:55 of 1st period - Icing by Patrice Bergeron.
5:56 of 1st period - Patrice Bergeron wins face-off versus Frans Nielsen in Predators zone.
5:56 of 1st period - Patrice Bergeron is hit by Frans Nielsen.
6:36 of 1st period - Snap shot by Teemu Selanne.
6:36 of 1st period - Shot Misses the Net.
6:45 of 1st period - Slapshot by Trevor Daley.
6:45 of 1st period - Goal by Trevor Daley - Predators : 1 - Jets : 0.
6:46 of 1st period - Antoine Vermette wins face-off versus Frans Nielsen in neutral zone.
7:09 of 1st period - Marcus Kruger is hit by Antoine Vermette and loses puck.
8:03 of 1st period - Trevor Daley is hit by Kris Russell and loses puck.
8:45 of 1st period - Penalty to Kyle Turris is over, Kyle Turris is back on ice.
9:20 of 1st period - Ed Jovanovski is hit by Ryan Getzlaf and loses puck.
9:32 of 1st period - Cody Eakin is hit by Danny DeKeyser and loses puck.
9:56 of 1st period - Patrice Bergeron is hit by John Tavares and loses puck.
10:30 of 1st period - Wrist shot by Nick Bjugstad.
10:30 of 1st period - Deflect By Kyle Turris.
10:30 of 1st period - Stopped by Kari Lehtonen without a rebound.
10:31 of 1st period - Kyle Turris wins face-off versus Antoine Vermette in Predators zone.
11:08 of 1st period - Slapshot by Tomas Plekanec.
11:08 of 1st period - Shot Blocked by Kris Russell.
11:14 of 1st period - Minor Penalty to Wayne Simmonds for Hooking.
11:15 of 1st period - Frans Nielsen wins face-off versus Patrice Bergeron in Jets zone.
11:54 of 1st period - Corey Perry is hit by Oliver Ekman-Larsson and loses puck.
13:14 of 1st period - Penalty to Wayne Simmonds is over, Wayne Simmonds is back on ice.
13:49 of 1st period - Wrist shot by Tomas Plekanec.
13:49 of 1st period - Shot Misses the Net.
13:56 of 1st period - Icing by Raphael Diaz.
13:57 of 1st period - Ryan Getzlaf wins face-off versus Patrice Bergeron in Jets zone.
14:34 of 1st period - Wrist shot by Max Pacioretty.
14:34 of 1st period - Shot Misses the Net.
15:16 of 1st period - Slapshot by Corey Perry.
15:16 of 1st period - Shot Misses the Net.
15:18 of 1st period - Wrist shot by Patrice Bergeron.
15:18 of 1st period - Shot Blocked by Erik Johnson.
15:28 of 1st period - Antoine Vermette is hit by Erik Johnson and loses puck.
16:10 of 1st period - Slapshot by Alex Ovechkin.
16:10 of 1st period - Stopped by Kari Lehtonen without a rebound.
16:11 of 1st period - Antoine Vermette wins face-off versus John Tavares in Predators zone.
16:11 of 1st period - Antoine Vermette is hit by David Perron.
16:29 of 1st period - Snap shot by Valtteri Filppula.
16:29 of 1st period - Shot Misses the Net.
16:43 of 1st period - Wrist shot by Cody Eakin.
16:43 of 1st period - Stopped by Sergei Bobrovsky with a rebound.
16:45 of 1st period - Slapshot by Trevor Daley.
16:45 of 1st period - Deflect By Cody Eakin.
16:45 of 1st period - Shot Blocked by Max Pacioretty.
16:45 of 1st period - Puck is out of play.
16:46 of 1st period - Ryan Getzlaf wins face-off versus Tomas Plekanec in Jets zone.
17:36 of 1st period - Antoine Vermette is hit by Oliver Ekman-Larsson and loses puck.
17:43 of 1st period - Slapshot by Alex Killorn.
17:43 of 1st period - Stopped by Kari Lehtonen with a rebound.
17:55 of 1st period - Slapshot by Frans Nielsen.
17:55 of 1st period - Shot Misses the Net.
18:38 of 1st period - Kris Russell is hit by Ed Jovanovski and loses puck.
18:55 of 1st period - Erik Johnson is hit by Evander Kane and loses puck.
19:25 of 1st period - Ben Smith is hit by Max Pacioretty.
19:33 of 1st period - Andy Greene is hit by Max Pacioretty and loses puck.
19:56 of 1st period - Oliver Ekman-Larsson is hit by Andy Greene and loses puck.
Goals for this period are 1 for Predators vs 0 for Jets.
Shots for this period are 7 for Predators vs 3 for Jets.

2nd period


0:01 of 2nd period - Ryan Getzlaf wins face-off versus Valtteri Filppula in neutral zone.
0:10 of 2nd period - Roman Josi is hit by Wayne Simmonds and loses puck.
0:59 of 2nd period - Slapshot by John Tavares.
0:59 of 2nd period - Shot Misses the Net.
1:01 of 2nd period - Snap shot by Max Pacioretty.
1:01 of 2nd period - Stopped by Kari Lehtonen with a rebound.
1:03 of 2nd period - Slapshot by Kris Russell.
1:03 of 2nd period - Deflect By Max Pacioretty.
1:03 of 2nd period - Goal by Max Pacioretty - Predators : 1 - Jets : 1.
1:04 of 2nd period - Max Pacioretty wins face-off versus Patrice Bergeron in neutral zone.
1:13 of 2nd period - Slapshot by Patrice Bergeron.
1:13 of 2nd period - Goal by Patrice Bergeron - Predators : 2 - Jets : 1.
1:14 of 2nd period - Ryan Getzlaf wins face-off versus Patrice Bergeron in neutral zone.
2:14 of 2nd period - David Perron is hit by Nick Schultz and loses puck.
2:33 of 2nd period - Snap shot by Valtteri Filppula.
2:33 of 2nd period - Stopped by Sergei Bobrovsky without a rebound.
2:34 of 2nd period - Frans Nielsen wins face-off versus Tomas Plekanec in Jets zone.
2:45 of 2nd period - Frans Nielsen is hit by Cody Eakin.
2:51 of 2nd period - Slapshot by Alex Killorn.
2:51 of 2nd period - Shot Misses the Net.
3:21 of 2nd period - Trevor Daley is hit by Alex Killorn and loses puck.
3:33 of 2nd period - Marcus Kruger is hit by Trevor Daley and loses puck.
4:08 of 2nd period - Wrist shot by Max Pacioretty.
4:08 of 2nd period - Stopped by Kari Lehtonen without a rebound.
4:09 of 2nd period - Alex Ovechkin wins face-off versus Antoine Vermette in Predators zone.
4:56 of 2nd period - Nick Schultz is hit by Max Pacioretty and loses puck.
5:13 of 2nd period - Wrist shot by David Perron.
5:13 of 2nd period - Goal by David Perron - Predators : 2 - Jets : 2.
5:14 of 2nd period - Tomas Plekanec wins face-off versus David Perron in neutral zone.
5:17 of 2nd period - Backhand shot by Trevor Daley.
5:17 of 2nd period - Stopped by Sergei Bobrovsky without a rebound.
5:18 of 2nd period - Tomas Plekanec wins face-off versus John Tavares in Jets zone.
5:34 of 2nd period - Eric Fehr is hit by Oliver Ekman-Larsson and loses puck.
6:13 of 2nd period - Roman Josi is hit by Alex Ovechkin and loses puck.
6:28 of 2nd period - Wrist shot by Alex Ovechkin.
6:28 of 2nd period - Shot Blocked by Roman Josi.
6:30 of 2nd period - Snap shot by Wayne Simmonds.
6:30 of 2nd period - Stopped by Kari Lehtonen with a rebound.
6:48 of 2nd period - Roman Josi is hit by Erik Johnson and loses puck.
6:59 of 2nd period - Snap shot by Alex Killorn.
6:59 of 2nd period - Stopped by Kari Lehtonen with a rebound.
7:10 of 2nd period - Snap shot by Frans Nielsen.
7:10 of 2nd period - Shot Misses the Net.
7:18 of 2nd period - Slapshot by Alex Killorn.
7:18 of 2nd period - Stopped by Kari Lehtonen without a rebound.
7:19 of 2nd period - Patrice Bergeron wins face-off versus Kyle Turris in Predators zone.
7:19 of 2nd period - Patrice Bergeron is hit by Kyle Turris.
7:27 of 2nd period - Kyle Turris is hit by Andy Greene and loses puck.
7:46 of 2nd period - Minor Penalty to Matt Tennyson for Tripping.
7:47 of 2nd period - Frans Nielsen wins face-off versus Patrice Bergeron in Jets zone.
9:06 of 2nd period - Icing by Antoine Vermette.
9:07 of 2nd period - Kyle Turris wins face-off versus Patrice Bergeron in Predators zone.
9:12 of 2nd period - Wrist shot by Kyle Turris.
9:12 of 2nd period - Stopped by Kari Lehtonen with a rebound.
9:20 of 2nd period - Danny DeKeyser is hit by Evander Kane and loses puck.
9:34 of 2nd period - Icing by Damien Brunner.
9:35 of 2nd period - Patrice Bergeron wins face-off versus Marcus Kruger in Predators zone.
9:46 of 2nd period - Penalty to Matt Tennyson is over, Matt Tennyson is back on ice.
10:05 of 2nd period - Minor Penalty to Tomas Plekanec for Holding Stick.
10:06 of 2nd period - Ryan Getzlaf wins face-off versus Antoine Vermette in Predators zone.
10:06 of 2nd period - Wrist shot by Max Pacioretty.
10:06 of 2nd period - Goal by Max Pacioretty - Predators : 2 - Jets : 3.
10:07 of 2nd period - Ryan Getzlaf wins face-off versus Patrice Bergeron in neutral zone.
10:22 of 2nd period - Slapshot by Corey Perry.
10:22 of 2nd period - Stopped by Sergei Bobrovsky without a rebound.
10:23 of 2nd period - Ryan Getzlaf wins face-off versus Patrice Bergeron in Jets zone.
10:28 of 2nd period - Danny DeKeyser is hit by Andy Greene and loses puck.
10:39 of 2nd period - Slapshot by Corey Perry.
10:39 of 2nd period - Stopped by Sergei Bobrovsky without a rebound.
10:40 of 2nd period - Tomas Plekanec wins face-off versus John Tavares in Jets zone.
10:47 of 2nd period - Snap shot by Cody Eakin.
10:47 of 2nd period - Shot Hit the Post.
10:59 of 2nd period - Snap shot by Tomas Plekanec.
10:59 of 2nd period - Shot Misses the Net.
11:01 of 2nd period - Slapshot by Ed Jovanovski.
11:01 of 2nd period - Shot Blocked by Kris Russell.
11:05 of 2nd period - Wrist shot by Tomas Plekanec.
11:05 of 2nd period - Shot Blocked by John Tavares.
11:07 of 2nd period - Slapshot by Ed Jovanovski.
11:07 of 2nd period - Shot Blocked by Kris Russell.
11:09 of 2nd period - Slapshot by Ed Jovanovski.
11:09 of 2nd period - Shot Misses the Net.
11:43 of 2nd period - Brian Lashoff is hit by Marcus Kruger and loses puck.
12:08 of 2nd period - Snap shot by Ryan Getzlaf.
12:08 of 2nd period - Stopped by Kari Lehtonen with a rebound.
12:10 of 2nd period - Slapshot by Oliver Ekman-Larsson.
12:10 of 2nd period - Stopped by Kari Lehtonen without a rebound.
12:11 of 2nd period - Patrice Bergeron wins face-off versus Ryan Getzlaf in Predators zone.
12:20 of 2nd period - Patrice Bergeron is hit by Alex Ovechkin.
12:30 of 2nd period - Snap shot by Corey Perry.
12:30 of 2nd period - Shot Misses the Net.
12:58 of 2nd period - Kyle Turris is hit by Evander Kane and loses puck.
13:20 of 2nd period - Roman Josi is hit by Matt Tennyson and loses puck.
13:32 of 2nd period - Icing by Raphael Diaz.
13:33 of 2nd period - Kyle Turris wins face-off versus Antoine Vermette in Jets zone.
13:42 of 2nd period - Icing by Roman Josi.
13:43 of 2nd period - John Tavares wins face-off versus Antoine Vermette in Predators zone.
14:44 of 2nd period - Snap shot by Ryan Getzlaf.
14:44 of 2nd period - Shot Blocked by Ed Jovanovski.
14:46 of 2nd period - Wrist shot by Ryan Getzlaf.
14:46 of 2nd period - Deflect By Alex Ovechkin.
14:46 of 2nd period - Shot Misses the Net.
14:46 of 2nd period - Puck is out of play.
14:47 of 2nd period - Wayne Simmonds wins face-off versus Tomas Plekanec in Predators zone.
15:02 of 2nd period - Slapshot by Roman Josi.
15:02 of 2nd period - Stopped by Sergei Bobrovsky with a rebound.
15:08 of 2nd period - Snap shot by Tomas Plekanec.
15:08 of 2nd period - Stopped by Sergei Bobrovsky without a rebound.
15:09 of 2nd period - Antoine Vermette wins face-off versus Frans Nielsen in Jets zone.
16:09 of 2nd period - Minor Penalty to Evander Kane for Holding.
16:10 of 2nd period - Ryan Getzlaf wins face-off versus Tomas Plekanec in Predators zone.
16:31 of 2nd period - Roman Josi is hit by Ryan Getzlaf and loses puck.
17:40 of 2nd period - Erik Johnson is hit by Antoine Vermette and loses puck.
18:03 of 2nd period - Andy Greene is hit by John Tavares and loses puck.
18:09 of 2nd period - Penalty to Evander Kane is over, Evander Kane is back on ice.
18:35 of 2nd period - Snap shot by Frans Nielsen.
18:35 of 2nd period - Shot Blocked by Antoine Vermette.
18:55 of 2nd period - Raphael Diaz is hit by Patrick Maroon and loses puck.
19:10 of 2nd period - Wrist shot by Patrick Maroon.
19:10 of 2nd period - Stopped by Sergei Bobrovsky with a rebound.
19:16 of 2nd period - Wrist shot by Patrice Bergeron.
19:16 of 2nd period - Shot Hit the Post.
19:18 of 2nd period - Slapshot by Brian Lashoff.
19:18 of 2nd period - Shot Blocked by Marcus Kruger.
Goals for this period are 1 for Predators vs 3 for Jets.
Shots for this period are 8 for Predators vs 11 for Jets.

3rd period


0:01 of 3rd period - Valtteri Filppula wins face-off versus Ryan Getzlaf in neutral zone.
0:10 of 3rd period - Snap shot by Valtteri Filppula.
0:10 of 3rd period - Stopped by Sergei Bobrovsky with a rebound.
1:05 of 3rd period - Icing by John Tavares.
1:06 of 3rd period - Cody Eakin wins face-off versus John Tavares in Jets zone.
1:27 of 3rd period - Wrist shot by Roman Josi.
1:27 of 3rd period - Stopped by Sergei Bobrovsky with a rebound.
1:29 of 3rd period - Slapshot by Trevor Daley.
1:29 of 3rd period - Shot Blocked by Oliver Ekman-Larsson.
1:33 of 3rd period - Wrist shot by Roman Josi.
1:33 of 3rd period - Stopped by Sergei Bobrovsky without a rebound.
1:34 of 3rd period - Patrice Bergeron wins face-off versus Frans Nielsen in Jets zone.
1:49 of 3rd period - Snap shot by Frans Nielsen.
1:49 of 3rd period - Stopped by Kari Lehtonen without a rebound.
1:50 of 3rd period - Frans Nielsen wins face-off versus Corey Perry in Predators zone.
2:01 of 3rd period - Snap shot by Alex Killorn.
2:01 of 3rd period - Shot Misses the Net.
2:03 of 3rd period - Snap shot by Frans Nielsen.
2:03 of 3rd period - Shot Misses the Net.
2:05 of 3rd period - Snap shot by Marcus Kruger.
2:05 of 3rd period - Shot Blocked by Brian Lashoff.
2:47 of 3rd period - Snap shot by Cody Eakin.
2:47 of 3rd period - Stopped by Sergei Bobrovsky without a rebound.
2:48 of 3rd period - Tomas Plekanec wins face-off versus John Tavares in Jets zone.
3:14 of 3rd period - Snap shot by Max Pacioretty.
3:14 of 3rd period - Stopped by Kari Lehtonen without a rebound.
3:15 of 3rd period - Ryan Getzlaf wins face-off versus Antoine Vermette in Predators zone.
3:42 of 3rd period - Wrist shot by Valtteri Filppula.
3:42 of 3rd period - Shot Misses the Net.
4:02 of 3rd period - Wrist shot by Frans Nielsen.
4:02 of 3rd period - Shot Misses the Net.
4:34 of 3rd period - Snap shot by Alex Killorn.
4:34 of 3rd period - Stopped by Kari Lehtonen with a rebound.
4:59 of 3rd period - Icing by Evander Kane.
5:00 of 3rd period - Patrice Bergeron wins face-off versus Kyle Turris in Predators zone.
5:27 of 3rd period - Slapshot by Corey Perry.
5:27 of 3rd period - Deflect By Patrice Bergeron.
5:27 of 3rd period - Stopped by Sergei Bobrovsky with a rebound.
5:29 of 3rd period - Wrist shot by Evander Kane.
5:29 of 3rd period - Deflect By Corey Perry.
5:29 of 3rd period - Stopped by Sergei Bobrovsky without a rebound.
5:30 of 3rd period - Eric Fehr wins face-off versus Ryan Getzlaf in Jets zone.
5:35 of 3rd period - Oliver Ekman-Larsson is hit by Eric Fehr and loses puck.
5:50 of 3rd period - Wrist shot by Ryan Getzlaf.
5:50 of 3rd period - Stopped by Kari Lehtonen without a rebound.
5:51 of 3rd period - Patrice Bergeron wins face-off versus John Tavares in Predators zone.
6:11 of 3rd period - Snap shot by Max Pacioretty.
6:11 of 3rd period - Shot Blocked by Andy Greene.
6:13 of 3rd period - Slapshot by Erik Johnson.
6:13 of 3rd period - Shot Misses the Net.
6:15 of 3rd period - Slapshot by Kris Russell.
6:15 of 3rd period - Shot Misses the Net.
6:17 of 3rd period - Slapshot by David Perron.
6:17 of 3rd period - Stopped by Kari Lehtonen with a rebound.
6:38 of 3rd period - Off-side.
6:39 of 3rd period - Ryan Getzlaf wins face-off versus Tomas Plekanec in neutral zone.
6:48 of 3rd period - Alex Ovechkin is hit by Eric Fehr and loses puck.
7:32 of 3rd period - Snap shot by Frans Nielsen.
7:32 of 3rd period - Stopped by Kari Lehtonen with a rebound.
7:40 of 3rd period - Frans Nielsen is hit by Valtteri Filppula and loses puck.
7:45 of 3rd period - Snap shot by Valtteri Filppula.
7:45 of 3rd period - Stopped by Sergei Bobrovsky with a rebound.
7:47 of 3rd period - Snap shot by Brian Lashoff.
7:47 of 3rd period - Deflect By Raphael Diaz.
7:47 of 3rd period - Stopped by Sergei Bobrovsky with a rebound.
7:49 of 3rd period - Slapshot by Valtteri Filppula.
7:49 of 3rd period - Deflect By Antoine Vermette.
7:49 of 3rd period - Shot Misses the Net.
7:49 of 3rd period - Puck is out of play.
7:50 of 3rd period - John Tavares wins face-off versus Patrice Bergeron in Jets zone.
8:25 of 3rd period - Snap shot by Corey Perry.
8:25 of 3rd period - Stopped by Sergei Bobrovsky without a rebound.
8:26 of 3rd period - Tomas Plekanec wins face-off versus Ryan Getzlaf in Jets zone.
8:27 of 3rd period - Snap shot by Cody Eakin.
8:27 of 3rd period - Stopped by Sergei Bobrovsky with a rebound.
8:29 of 3rd period - Slapshot by Cody Eakin.
8:29 of 3rd period - Deflect By Ryan Getzlaf.
8:29 of 3rd period - Shot Blocked by Wayne Simmonds.
8:29 of 3rd period - Puck is out of play.
8:30 of 3rd period - Tomas Plekanec wins face-off versus Ryan Getzlaf in Jets zone.
8:31 of 3rd period - Wrist shot by Cody Eakin.
8:31 of 3rd period - Stopped by Sergei Bobrovsky without a rebound.
8:32 of 3rd period - Tomas Plekanec wins face-off versus Ryan Getzlaf in Jets zone.
9:44 of 3rd period - Oliver Ekman-Larsson is hit by Nick Schultz and loses puck.
10:10 of 3rd period - Slapshot by Trevor Daley.
10:10 of 3rd period - Shot Misses the Net.
10:12 of 3rd period - Snap shot by Trevor Daley.
10:12 of 3rd period - Shot Blocked by Alex Killorn.
10:49 of 3rd period - Danny DeKeyser is hit by Patrick Maroon.
11:43 of 3rd period - Danny DeKeyser is hit by Brian Lashoff and loses puck.
12:14 of 3rd period - Icing by Erik Johnson.
12:15 of 3rd period - Patrice Bergeron wins face-off versus Ryan Getzlaf in Jets zone.
12:18 of 3rd period - Snap shot by Patrick Maroon.
12:18 of 3rd period - Deflect By Patrice Bergeron.
12:18 of 3rd period - Shot Blocked by Kris Russell.
12:18 of 3rd period - Puck is out of play.
12:19 of 3rd period - John Tavares wins face-off versus Patrick Maroon in Jets zone.
12:37 of 3rd period - Wrist shot by Patrice Bergeron.
12:37 of 3rd period - Stopped by Sergei Bobrovsky with a rebound.
13:01 of 3rd period - Slapshot by Cody Eakin.
13:01 of 3rd period - Shot Misses the Net.
13:03 of 3rd period - Slapshot by Roman Josi.
13:03 of 3rd period - Stopped by Sergei Bobrovsky without a rebound.
13:04 of 3rd period - Ryan Getzlaf wins face-off versus Tomas Plekanec in Jets zone.
13:19 of 3rd period - Minor Penalty to Alex Ovechkin for Hooking.
13:20 of 3rd period - Antoine Vermette wins face-off versus Frans Nielsen in Jets zone.
13:56 of 3rd period - Snap shot by Corey Perry.
13:56 of 3rd period - Shot Misses the Net.
13:58 of 3rd period - Slapshot by Andy Greene.
13:58 of 3rd period - Stopped by Sergei Bobrovsky with a rebound.
14:13 of 3rd period - Marcus Kruger is hit by Evander Kane and loses puck.
15:09 of 3rd period - Evander Kane is hit by Kyle Turris and loses puck.
15:19 of 3rd period - Penalty to Alex Ovechkin is over, Alex Ovechkin is back on ice.
15:32 of 3rd period - Slapshot by Alex Ovechkin.
15:32 of 3rd period - Stopped by Kari Lehtonen without a rebound.
15:33 of 3rd period - Tomas Plekanec wins face-off versus Ryan Getzlaf in Predators zone.
15:44 of 3rd period - Slapshot by Wayne Simmonds.
15:44 of 3rd period - Shot Misses the Net.
15:46 of 3rd period - Slapshot by Kris Russell.
15:46 of 3rd period - Stopped by Kari Lehtonen with a rebound.
15:48 of 3rd period - Slapshot by Erik Johnson.
15:48 of 3rd period - Stopped by Kari Lehtonen with a rebound.
16:04 of 3rd period - Snap shot by Cody Eakin.
16:04 of 3rd period - Stopped by Sergei Bobrovsky without a rebound.
16:05 of 3rd period - Patrice Bergeron wins face-off versus John Tavares in Jets zone.
16:06 of 3rd period - Wrist shot by Patrick Maroon.
16:06 of 3rd period - Stopped by Sergei Bobrovsky without a rebound.
16:07 of 3rd period - Patrice Bergeron wins face-off versus John Tavares in Jets zone.
16:10 of 3rd period - Wrist shot by Patrice Bergeron.
16:10 of 3rd period - Stopped by Sergei Bobrovsky with a rebound.
16:16 of 3rd period - Wrist shot by Patrick Maroon.
16:16 of 3rd period - Shot Blocked by Max Pacioretty.
16:18 of 3rd period - Snap shot by Patrice Bergeron.
16:18 of 3rd period - Shot Blocked by David Perron.
16:20 of 3rd period - Slapshot by Brian Lashoff.
16:20 of 3rd period - Shot Blocked by Raphael Diaz.
16:22 of 3rd period - Slapshot by Brian Lashoff.
16:22 of 3rd period - Shot Blocked by Raphael Diaz.
16:31 of 3rd period - Minor Penalty to John Tavares for Holding.
16:32 of 3rd period - Antoine Vermette wins face-off versus Frans Nielsen in Jets zone.
16:58 of 3rd period - Wrist shot by Corey Perry.
16:58 of 3rd period - Stopped by Sergei Bobrovsky with a rebound.
17:00 of 3rd period - Slapshot by Roman Josi.
17:00 of 3rd period - Deflect By Corey Perry.
17:00 of 3rd period - Shot Blocked by Raphael Diaz.
17:00 of 3rd period - Puck is out of play.
17:01 of 3rd period - Patrice Bergeron wins face-off versus Frans Nielsen in Jets zone.
17:10 of 3rd period - Wrist shot by Patrice Bergeron.
17:10 of 3rd period - Stopped by Sergei Bobrovsky with a rebound.
18:00 of 3rd period - Andy Greene is hit by Kris Russell and loses puck.
18:15 of 3rd period - Corey Perry is hit by Max Pacioretty and loses puck.
18:31 of 3rd period - Penalty to John Tavares is over, John Tavares is back on ice.
18:54 of 3rd period - Predators, Kari Lehtonen is pulled from the net.
18:58 of 3rd period - Slapshot by Cody Eakin.
18:58 of 3rd period - Shot Misses the Net.
19:00 of 3rd period - Snap shot by Brian Lashoff.
19:00 of 3rd period - Stopped by Sergei Bobrovsky without a rebound.
19:01 of 3rd period - Paul Maurice call a timeout for Predators.
19:01 of 3rd period - Eric Fehr wins face-off versus Ryan Getzlaf in Jets zone.
19:14 of 3rd period - Snap shot by Cody Eakin.
19:14 of 3rd period - Shot Misses the Net.
19:16 of 3rd period - Slapshot by Brian Lashoff.
19:16 of 3rd period - Shot Misses the Net.
19:18 of 3rd period - Slapshot by Brian Lashoff.
19:18 of 3rd period - Shot Blocked by Oliver Ekman-Larsson.
19:32 of 3rd period - Snap shot by Ryan Getzlaf.
19:32 of 3rd period - Goal by Ryan Getzlaf - Predators : 2 - Jets : 4.
19:32 of 3rd period - Kari Lehtonen from Predators was sent back in the game.
19:33 of 3rd period - Antoine Vermette wins face-off versus Ryan Getzlaf in neutral zone.
19:42 of 3rd period - Slapshot by Antoine Vermette.
19:42 of 3rd period - Stopped by Sergei Bobrovsky with a rebound.
Goals for this period are 0 for Predators vs 1 for Jets.
Shots for this period are 21 for Predators vs 10 for Jets.


Output by the SimonT Hockey Simulator (STHS) for Eric Dolegowski -- Original Page W3C XHTML 1.0 Valid
Hockey Simulator - Hockey Simulation - Hockey Manager